AoeStats
← ivcrk826

Arena

509336772Analyzed
3v3 RM · 5d ago on Sep 26, 2026· 47m 48s· 6 players
Game mode
Random Map
Map size
Normal (6 player)
Population
200
Speed
Normal
Resources
Standard
Victory
Conquest
Starting age
Dark Age
Ending age
Imperial Age
RankedLock teamsTeams togetherTeam positionsShared explorationLock speedFull tech treeHidden civsTurbo modeCheats
Victory
Defeat
🇦🇷 Varangians · Argentina
1387
+9
🇨🇳 Turks · China
1228
+15
🇨🇳 Cumans · China
1163
+17
🇷🇺 Berbers · Russia
1271
-16
🇧🇷 Japanese · Brazil
1187
-13
🇧🇪 Goths · Belgium
1173
-12
逆天小肥猪
9:51 Feudal Age
11:26 Loom
14:12 Castle Age
12:34 Double-Bit Axe
14:51 Horse Collar
20:09 Heavy Plow
20:34 Stone Mining
21:55 Gold Mining
23:34 Gold Shaft Mining
24:14 Bow Saw
29:46 Imperial Age
28:04 Wheelbarrow
27:33 Treadmill Crane
28:54 Ballistics
28:27 Fletching
28:37 Padded Archer Armor
29:04 Bodkin Arrow
29:55 Masonry
30:16 Hand Cart
31:47 Two-Man Saw
30:50 Bracer
31:05 Leather Archer Armor
31:27 Parthian Tactics
31:11 Town Watch
31:43 Thumb Ring
32:18 Sipahi
32:26 Conscription
32:23 Heavy Cavalry Archer
33:16 Bloodlines
33:08 Husbandry
34:24 Ring Archer Armor
34:56 Scale Barding Armor
35:01 Forging
35:50 Bombard Tower
37:13 Artillery
46:23 Chain Barding Armor
46:38 Iron Casting
彭大帅
10:54 Feudal Age
16:27 Loom
17:19 Wheelbarrow
20:54 Castle Age
19:09 Double-Bit Axe
19:12 Horse Collar
20:32 Bloodlines
21:16 Bloodlines
22:11 Town Watch
22:29 Heavy Plow
22:40 Bow Saw
24:14 Forging
24:10 Scale Barding Armor
32:47 Chain Barding Armor
33:11 Iron Casting
38:23 Imperial Age
36:09 Hand Cart
40:25 Two-Man Saw
39:57 Crop Rotation
40:02 Steppe Husbandry
41:32 Gold Mining
41:32 Stone Mining
41:45 Elite Steppe Lancer
43:10 Plate Barding Armor
43:36 Blast Furnace
43:50 Gold Shaft Mining
44:03 Conscription
ivcrk826
10:35 Feudal Age
14:44 Castle Age
12:54 Double-Bit Axe
13:30 Horse Collar
16:20 Bow Saw
16:38 Loom
22:02 Scale Barding Armor
23:13 Forging
29:04 Imperial Age
26:49 Gold Mining
28:09 Bloodlines
28:43 Stone Mining
28:59 Husbandry
30:03 Iron Casting
30:33 Conscription
30:32 Cavalier
32:19 Wheelbarrow
32:54 Chain Barding Armor
34:10 Gothikon
34:13 Vendel Legacy
34:14 Elite Jarl
37:14 Blast Furnace
37:35 Squires
37:36 Scale Mail Armor
37:58 Elite Varangian Guard
40:14 Chain Mail Armor
39:22 Gothikon
42:03 Two-Man Saw
41:58 Plate Mail Armor
42:06 Plate Barding Armor
42:48 Hand Cart
47:10 Siege Engineers
48:06 Chemistry
46:47 Treadmill Crane
bombino
9:49 Feudal Age
13:37 Castle Age
12:39 Double-Bit Axe
14:09 Horse Collar
20:41 Bow Saw
23:09 Wheelbarrow
22:32 Fletching
23:24 Heavy Plow
25:15 Stone Mining
25:16 Gold Mining
29:12 Imperial Age
27:52 Bloodlines
27:42 Husbandry
28:03 Town Watch
28:05 Loom
28:56 Scale Barding Armor
29:02 Forging
29:08 Forging
29:29 Heavy Camel Rider
31:20 Bodkin Arrow
31:48 Conscription
32:02 Kasbah
33:05 Chain Barding Armor
33:39 Hand Cart
34:14 Bracer
34:56 Padded Archer Armor
34:41 Light Cavalry
36:54 Leather Archer Armor
36:50 Thumb Ring
38:18 Hussar
40:00 Ballistics
40:41 Chemistry
41:24 Ring Archer Armor
41:33 Plate Barding Armor
AF_Atlantis_PAL
1:02 Loom
10:51 Feudal Age
15:13 Castle Age
14:43 Horse Collar
14:54 Double-Bit Axe
23:35 Heavy Plow
28:50 Wheelbarrow
28:51 Anarchy
29:15 Forging
29:05 Scale Mail Armor
29:36 Caravan
30:50 Iron Casting
32:50 Imperial Age
30:01 Pikeman
31:13 Squires
32:02 Town Watch
33:02 Halberdier
34:13 Elite Huskarl
35:15 Conscription
35:35 Perfusion
Chaves
5:31 Loom
10:13 Feudal Age
10:53 Horse Collar
11:01 Double-Bit Axe
13:26 Town Watch
18:32 Castle Age
16:55 Stone Mining
17:40 Gold Mining
19:23 Scale Mail Armor
22:16 Chain Mail Armor
29:35 Wheelbarrow
29:17 Pikeman
31:02 Gold Shaft Mining
35:52 Hand Cart
39:40 Imperial Age
38:54 Elite Skirmisher
39:59 Forging
41:23 Plate Mail Armor
40:35 Halberdier
42:50 Fletching
43:01 Padded Archer Armor
44:30 Fortified Wall
Connection lost

Rejoining the realm…

Still unreachable

The connection could not be restored.

Session expired

The server has moved on; the page needs a fresh start.